 Dungeon Sprint DCSS version 0.31-a0-596-g831eee08f1 (webtiles) character file.

Game seed: 16028788696936941699

256 sircluck the Unseen (level 5, -6/24 HPs)
             Began as a Spriggan Enchanter on Aug 20, 2023.
             Splashed by a jelly's acid (7 damage)
             ... in the Dungeon (Sprint I: "Red Sonja").
             The game lasted 00:01:45 (109 turns).

sircluck the Unseen (Spriggan Enchanter)             Turns: 109, Time: 00:01:46

Health: -6/24      AC: -6    Str:  4    XL:     5   Next: 92%
Magic:  10/10      EV: 17    Int: 16    God:
Gold:   162        SH:  0    Dex: 18    Spells: 4/9 levels left

rFire   . . .        a - +1 dagger
rCold   . . .        (no shield)
rNeg    . . .        b - +0 robe
rPois   .            (helmet restricted)
rElec   .            (no cloak)
rCorr   .            (gloves unavailable)
SInv    +            (boots unavailable)
Will    .....        (no amulet)
Stlth   +++++++      (no ring)
HPRegen 0.24/turn    (no ring)
MPRegen 0.12/turn

%: no teleportation
@: corroded, invisible, very quick
A: very small, no large weapons, unfitting armour, see invisible, speed 3
a: no special abilities


You were in the Dungeon.
You visited 1 branch You collected 162 gold pieces.

Inventory:

Hand Weapons
 a - a +1 dagger (weapon)
Armour
 b - a +0 robe (worn)
Wands
 h - a wand of polymorph (6)
Scrolls
 i - a scroll of blinking
Potions
 c - a potion of invisibility
 d - a potion of curing
 e - a potion of heal wounds
 f - a potion of haste
 g - 2 potions of magic


   Skills:
 - Level 1.1 Short Blades
 - Level 2.6 Dodging
 + Level 18.7 Stealth
 - Level 2.6 Spellcasting
 - Level 3.6 Hexes


You had 4 spell levels left.
You knew the following spells:

 Your Spells              Type           Power      Damage    Failure   Level
a - Ensorcelled Hibernat  Hex/Ice        14%        N/A       14%         2
b - Confusing Touch       Hex            13%        N/A       13%         3

Your spell library contained the following spells:

 Spells                   Type           Power      Damage    Failure   Level
 Tukima's Dance           Hex            13%        N/A       13%         3
 Dazzling Flash           Conj/Hex       14%        N/A       28%         3


Dungeon Overview and Level Annotations

Branches:
Dungeon (1/1)

Altars:
Sif Muna
Vehumet
Wu Jian


Innate Abilities, Weirdness & Mutations

You are very small and have problems with some larger weapons.
You are too small for most types of armour.
You have supernaturally acute eyesight. (SInv)
You cover ground extremely quickly. (Speed+++)


Message History

You hit the jelly but do no damage.
Your hands burn!
The jelly barely misses you.
You hit the jelly.
Your hands burn!
The jelly is lightly wounded.
The jelly hits you.
You are splashed with acid!
* * * LOW HITPOINT WARNING * * *
You are too injured to fight recklessly!
You are too injured to fight recklessly!
You are too injured to fight recklessly!
You are too injured to fight recklessly!
You are too injured to fight recklessly!
You are too injured to fight recklessly!
You are too injured to fight recklessly!
You see here a scroll labelled YZUISSEUXT.
Aiming: Polymorph
Press: ? - help, Q - select action, (/) - cycle Shift-Dir - straight line, f - jelly
Aim: a jelly (lightly wounded, will become an iguana, a steam dragon, or a river rat, chance to affect: 57%)
Okay, then.
There is an open door here.
You close the door.
You start resting.
You hear a slurping noise.
The jelly eats the door!
The jelly misses you.
There is an open door here.
Things that are here:
a +0 scythe; a +0 robe; the human corpse of Sigmund As you close the door, it creaks loudly!
You hear a slurping noise.
The jelly eats the door!
The jelly attacks as it pursues you! The jelly hits you.
* * * LOW HITPOINT WARNING * * *
The acid corrodes you!
You are splashed with acid.
* * * LOW HITPOINT WARNING * * *
Unknown command.
You fade into invisibility!
The jelly hits you.
* * * LOW HITPOINT WARNING * * *
The acid corrodes you!
You are splashed with acid!
You die...

################
#<.#..'..#.)...#
#..').#.)'@J#..+
#..#####'#####.#
#..# #..# #?#
#..# #### #[#
#..# #_.+ #⌠⌠#
..._# ####
#_.#+# ##+


You could see a jelly.

Vanquished Creatures
  Sigmund (D)
  An ogre (D)
  Ijyb (D)
3 creatures vanquished.

Notes
Turn   | Place    | Note
-------+----------+-------------------------------------------
     0 | D        | sircluck the Spriggan Enchanter began the quest for the
                  | Orb.
     0 | D        | Reached XP level 1. HP: 9/9 MP: 5/5
     1 | D        | Noticed Ijyb
    12 | D        | Killed Ijyb
    13 | D        | Reached skill level 10 in Stealth
    13 | D        | Reached XP level 2. HP: 13/13 MP: 6/6
    55 | D        | Noticed an ogre
    58 | D        | Killed an ogre
    59 | D        | Reached skill level 14 in Stealth
    59 | D        | Reached XP level 3. HP: 16/16 MP: 8/8
    59 | D        | Reached XP level 4. HP: 21/21 MP: 9/9
    63 | D        | Learned a level 2 spell: Ensorcelled Hibernation
    72 | D        | Noticed Sigmund
    75 | D        | Killed Sigmund
    76 | D        | Reached skill level 18 in Stealth
    76 | D        | Reached XP level 5. HP: 24/24 MP: 10/10
    81 | D        | Learned a level 3 spell: Confusing Touch
    92 | D        | Found an ornate altar of the Wu Jian Council.
    92 | D        | Found a shimmering blue altar of Sif Muna.
    94 | D        | Found a radiant altar of Vehumet.
   109 | D        | HP: 1/24 [jelly (1)]
   109 | D        | Splashed by a jelly's acid

Illustrated notes

Levels and vault maps discovered:
D:        dungeon_sprint_1 [red_sonja_temple_1, red_sonja_temple_small_1]

Skill      XL: |  1  2  3  4 |
---------------+-------------+-----
Stealth        | 10 14 18 | 18.7
Short Blades   | |  1.1
Dodging        | |  2.6
Spellcasting   | |  2.6
Hexes          | |  3.6

Action                     |  1- 3 |  4- 6 || total
---------------------------+-------+-------++-------
  Melee: Unarmed           |     9 |       ||     9
         Dagger            |     1 |     4 ||     5
    Use: Potion            |     1 |     1 ||     2
   Stab: Sleeping          |     1 |     1 ||     2
  Dodge: Dodged            |     3 |     3 ||     6

Table legend: (Time is in decaauts)
 A = Elapsed time spent in this place.
 B = Non-inter-level travel time spent in this place.
 C = Inter-level travel time spent in this place.
 D = Time resting spent in this place.
 E = Time spent auto-exploring this place.
 F = Levels seen in this place.
 G = Mean time per level.
                   A        B        C        D        E       F      G
               +--------+--------+--------+--------+--------+-----+--------+
         Total |    101 |    101 |      0 |     44 |      0 |   1 |  101.0 |
       Dungeon |    101 |    101 |      0 |     44 |      0 |   1 |  101.0 |
               +--------+--------+--------+--------+--------+-----+--------+

Top non-repeatable levels by time:
       D: 101 daAuts
